 Dungeon Crawl Stone Soup version 0.27.0-1-g7a089689b8 (webtiles) character file.

Game seed: 14655999060005188063

234 SnakkuSnakku7 the Bolt Thrower (level 5, 0/40 HPs)
             Began as a Draconian Arcane Marksman on Aug 7, 2021.
             Was a Priest of Vehumet.
             Slain by Crazy Yiuf (4 damage)
             ... on level 3 of the Dungeon.
             The game lasted 00:05:39 (2821 turns).

SnakkuSnakku7 the Bolt Thrower (DrAM)               Turns: 2821, Time: 00:05:40

Health: 0/40       AC:  5    Str: 12    XL:     5   Next: 75%
Magic:  0/6        EV: 12    Int: 15    God:    Vehumet [***...]
Gold:   92         SH:  0    Dex: 11    Spells: 2/6 levels left

rFire    + . .     SeeInvis .   b - +0 short sword
rCold    . . .     Faith    +   (no shield)
rNeg     . . .     Spirit   .   (armour unavailable)
rPois    .         Reflect  .   (helmet restricted)
rElec    .         Harm     .   (no cloak)
rCorr    .         Rampage  .   (no gloves)
Will     .....                  (no boots)
Stlth    +.........             l - amulet of faith
HPRegen  0.13/turn              n - ring of protection from fire
MPRegen  0.10/turn              (no ring)

@: no status effects
A: AC +5, unfitting armour, cold-blooded
a: Renounce Religion


You were on level 3 of the Dungeon.
You worshipped Vehumet.
Vehumet was most pleased with you.
You visited 1 branch of the dungeon, and saw 3 of its levels.

You collected 92 gold pieces.

Inventory:

Hand Weapons
 a - a +0 hand crossbow
 b - a +0 short sword (weapon)
Missiles
 c - 43 bolts
 h - 12 poisoned darts (quivered)
Jewellery
 l - an amulet of faith (around neck)
 n - a ring of protection from fire (left hand)
 o - a ring of protection from fire
Scrolls
 f - a scroll of fear {unknown}
 g - a scroll of vulnerability {unknown}
 i - a scroll of acquirement {unknown}
 j - 3 scrolls of identify {unknown}
 m - a scroll of holy word {unknown}
Potions
 d - a potion of brilliance {unknown}
 k - a potion of flight {unknown}


   Skills:
 - Level 1.1 Fighting
 - Level 2.9 Crossbows
 - Level 1.7 Dodging
 - Level 1.0 Spellcasting
 - Level 1.0 Conjurations
 - Level 2.6 Hexes
 - Level 1.8 Fire Magic
 + Level 2.9 Air Magic
 + Level 2.9 Poison Magic


You had 2 spell levels left.
You knew the following spells:

 Your Spells              Type           Power      Damage    Failure   Level
a - Foxfire               Conj/Fire      20%        2x1d5     4%          1
b - Corona                Hex            8%         N/A       9%          1
c - Poisonous Vapours     Pois/Air       18%        N/A       3%          2

Your spell library contained the following spells:

 Spells                   Type           Power      Damage    Failure   Level
 Mephitic Cloud           Conj/Pois/Air  7%         N/A       8%          3
 Slow                     Hex            8%         N/A       12%         2
 Inner Flame              Hex/Fire       7%         N/A       8%          3
 Portal Projectile        Hex/Tloc       8%         N/A       38%         3
 Cause Fear               Hex            4%         N/A       63%         4


Dungeon Overview and Level Annotations

Branches:
Dungeon (3/15)

Altars:
Ashenzari
Gozag
Vehumet
Zin

Annotations:
D:3 Crazy Yiuf


Innate Abilities, Weirdness & Mutations

Your plain brown scales are hard. (AC +5)
You cannot fit into any form of body armour.
You are cold-blooded and may be slowed by cold attacks.


Message History

You open the door.
Crazy Yiuf flaps his cloak.
Crazy Yiuf drinks a potion.
Crazy Yiuf seems to grow stronger.
Casting: Foxfire (safe; 4% risk of failure)
Confirm with . or Enter, or press ? or * to list all spells.
Aiming: Poisonous Vapours (safe; 3% risk of failure)
Press: ? - help, Dir - move target, f - Crazy Yiuf
Aim: Crazy Yiuf, wielding a +2 quarterstaff of chaos and wearing a +0 cloak (strong) Poisonous vapours surround Crazy Yiuf!
Crazy Yiuf is poisoned.
Unknown command.
Casting: Poisonous Vapours (safe; 3% risk of failure)
Confirm with . or Enter, or press ? or * to list all spells.
Aiming: Poisonous Vapours (safe; 3% risk of failure)
Press: ? - help, Dir - move target, f/p - Crazy Yiuf
Aim: Crazy Yiuf, wielding a +2 quarterstaff of chaos and wearing a +0 cloak (lightly wounded, strong, poisoned) Poisonous vapours surround Crazy Yiuf!
Crazy Yiuf looks even sicker.
Crazy Yiuf closely misses you.
Unknown command.
Crazy Yiuf waves his quarterstaff at you.
Crazy Yiuf closely misses you.
Casting: Poisonous Vapours (safe; 3% risk of failure)
Confirm with . or Enter, or press ? or * to list all spells.
Aiming: Poisonous Vapours (safe; 3% risk of failure)
Press: ? - help, Dir - move target, f/p - Crazy Yiuf
Aim: Crazy Yiuf, wielding a +2 quarterstaff of chaos and wearing a +0 cloak (lightly wounded, strong, very poisoned) Poisonous vapours surround Crazy Yiuf!
Crazy Yiuf looks even sicker.
Crazy Yiuf hits you with a +2 quarterstaff of chaos!!
You feel yourself slow down. Crazy Yiuf freezes you!
* * * LOW HITPOINT WARNING * * *
Crazy Yiuf screams, "Seed!"
You feel yourself speed up.
Crazy Yiuf laughs, "Mugger!
Castle eyeball dark."
Crazy Yiuf hits you with a +2 quarterstaff of chaos.
* * * LOW HITPOINT WARNING * * *
Okay, then.
It was a potion of curing.
You feel better.
Crazy Yiuf hits you with a +2 quarterstaff of chaos!
* * * LOW HITPOINT WARNING * * *
Space bends around you.
You die...

.# #..)# .# #...#
.### ####### ...
...# #.....# #'#
.#.# #.##### ♣♣.♣
.#.# #.#...# ♣.♣♣
...####.#.#.# ♣♣.♣
.........>#.# ♣g♣♣
##........#.# ♣♣@♣♣
#.#....#.#.# ♣...♣♣
#.#.####.#.# ♣....♣
##.#.####.#.# #....#
##.#.....[#.###....#
##.###..#.#.#......#
.#..###'###.#.#...##
.####.....###.#####
..##.......##.#


You could see Crazy Yiuf (strong, very poisoned).

Vanquished Creatures
  The ghost of candlesan the Skirmisher, an amateur TeWr (D:3)
  A jelly (D:3)
  An orc priest (D:3)
  An adder (D:2)
  A worm (D:2)
  2 dart slugs
  9 orcs (D:3)
  7 bats
  6 endoplasms
  A giant cockroach (D:1)
  6 goblins
  7 hobgoblins
  6 jackals
  7 kobolds
  3 quokkas
  5 ball pythons
  4 frilled lizards
  8 rats
76 creatures vanquished.

Vanquished Creatures (others)
  95 foxfires
95 creatures vanquished.

Grand Total: 171 creatures vanquished

Notes
Turn   | Place    | Note
-------+----------+-------------------------------------------
     0 | D:1      | SnakkuSnakku7 the Draconian Arcane Marksman began the quest
                  | for the Orb.
     0 | D:1      | Reached XP level 1. HP: 16/16 MP: 2/2
   140 | D:1      | Reached XP level 2. HP: 20/23 MP: 3/3
   206 | D:1      | Found a faded altar of an unknown god.
   211 | D:1      | Became a worshipper of Vehumet
   211 | D:1      | Reached * piety under Vehumet
   211 | D:1      | Offered knowledge of Foxfire by Vehumet.
   339 | D:1      | Learned a level 1 spell: Foxfire
   446 | D:1      | Reached skill level 1 in Fire Magic
   472 | D:1      | Reached XP level 3. HP: 18/28 MP: 4/4
   783 | D:2      | Reached skill level 1 in Conjurations
   819 | D:2      | Reached ** piety under Vehumet
   819 | D:2      | Offered knowledge of Poisonous Vapours by Vehumet.
   838 | D:2      | Learned a level 2 spell: Poisonous Vapours
  1707 | D:3      | Found a glowing silver altar of Zin.
  1707 | D:3      | Found an opulent altar of Gozag.
  1907 | D:3      | Reached XP level 4. HP: 35/35 MP: 3/5
  1938 | D:3      | Found a runed translucent door.
  1939 | D:3      | Noticed Crazy Yiuf
  2007 | D:3      | Found a broken altar of Ashenzari.
  2034 | D:3      | Reached skill level 1 in Air Magic
  2034 | D:3      | Reached skill level 1 in Poison Magic
  2099 | D:3      | Offered knowledge of Mephitic Cloud by Vehumet.
  2159 | D:3      | Reached XP level 5. HP: 22/40 MP: 1/6
  2310 | D:3      | Reached *** piety under Vehumet
  2330 | D:3      | Found a runed translucent gate.
  2330 | D:3      | Found a runed translucent gate.
  2332 | D:3      | Found a runed translucent gate.
  2335 | D:3      | Noticed candlesan's ghost (amateur TeWr)
  2435 | D:3      | Killed candlesan's ghost
  2821 | D:3      | Slain by Crazy Yiuf

Illustrated notes

Levels and vault maps discovered:
D:1:      dpeg_arrival_rooms_with_view, layout_loops_ring,
          ebering_ecumenical_altar_mist, palyth_stone_intersect
D:2:      layout_basic, minmay_tripent
D:3:      layout_basic, grunt_temple_overflow_gold_and_silver,
          cheibrodos_ashenzari_chains, ebering_ghost_rock_garden,
          hangedman_glass_teeth, uniq_crazy_yiuf_cottage

Skill      XL: |  1  2  3  4  5 |
---------------+----------------+-----
Crossbows      | 2 |  2.9
Fire Magic     | 1 |  1.8
Conjurations   | 1 |  1.0
Air Magic      | 1 2 |  2.9
Poison Magic   | 2 |  2.9
Fighting       | |  1.1
Dodging        | |  1.7
Spellcasting   | |  1.0
Hexes          | |  2.6

Action                   |  1- 3 |  4- 6 || total
-------------------------+-------+-------++-------
Melee: Short sword       |   133 |    81 ||   214
       Tailslap          |    19 |     5 ||    24
 Fire: Hand crossbow     |    18 |       ||    18
 Cast: Foxfire           |    19 |    40 ||    59
       Poisonous Vapours |       |     3 ||     3
  Use: Potion            |       |     1 ||     1
 Stab: Sleeping          |     1 |       ||     1
Armor: Skin              |    52 |    36 ||    88
Dodge: Dodged            |   100 |    83 ||   183
